 Dungeon Crawl Stone Soup version 0.28.0-45-g0d030f2227 (webtiles) character file.

Game seed: 17803820649675535833

4031 Kaptain the Geomancer (level 10, 0/61 HPs)
             Began as a Gargoyle Earth Elementalist on Apr 18, 2022.
             Slain by a cyclops (25 damage)
             ... on level 7 of the Dungeon.
             The game lasted 00:13:03 (9080 turns).

Kaptain the Geomancer (Gargoyle Earth Elementalist) Turns: 9080, Time: 00:13:03

Health: 0/61       AC: 12    Str: 12    XL:     10   Next: 24%
Magic:  7/19       EV: 12    Int: 20    God:
Gold:   357        SH:  0    Dex: 10    Spells: 17/21 levels left

rFire   + . .      SeeInvis .   h - +2 war axe (freeze)
rCold   + . .      Faith    .   (no shield)
rNeg    + . .      Spirit   .   d - +0 leather armour
rPois   ∞          Reflect  .   (no helmet)
rElec   +          Harm     .   D - scarf {rC+ rF+}
rCorr   .          Rampage  .   F - +0 pair of gloves
Will    .....                   (no boots)
Stlth   ++........              (no amulet)
HPRegen 0.20/turn               w - ring of wizardry
MPRegen 0.16/turn               (no ring)

@: no status effects
A: sickness immunity, AC +7, negative energy resistance 1, electricity
resistance, torment resistance 1, petrification resistance
a: no special abilities


You were on level 7 of the Dungeon.
You visited 2 branches of the dungeon, and saw 8 of its levels.

You collected 357 gold pieces.

Inventory:

Hand Weapons
 f - a +0 short sword of venom
 g - a +0 hunting sling
 h - a +2 war axe of freezing (weapon)
 q - a +0 trident
Missiles
 c - 138 stones
 o - 3 silver boomerangs
Armour
 d - a +0 leather armour (worn)
 D - a scarf of resistance (worn)
 F - a +0 pair of gloves (worn)
Magical Staves
 r - a staff of conjuration
Jewellery
 w - a ring of wizardry (left hand)
Wands
 p - a wand of flame (6)
 t - a wand of mindburst (13)
 v - a wand of paralysis (8)
Scrolls
 a - 3 scrolls of magic mapping {unknown}
 b - 4 scrolls of enchant weapon {unknown}
 e - 4 scrolls of teleportation {unknown}
 m - 8 scrolls of identify {unknown}
 s - a scroll of amnesia {unknown}
 x - 2 scrolls of enchant armour {unknown}
 y - 2 scrolls of blinking {unknown}
 B - a scroll of acquirement {unknown}
 C - a scroll of vulnerability {unknown}
Potions
 i - 2 potions of might {unknown}
 j - 3 potions of lignification {unknown}
 k - 2 potions of ambrosia {unknown}
 l - 3 potions of flight {unknown}
 n - a potion of heal wounds {unknown}
 u - a potion of mutation {unknown}
 z - 2 potions of degeneration {unknown}
 A - a potion of attraction {unknown}
 E - 3 potions of curing {unknown}


   Skills:
 * Level 6.9 Fighting
 + Level 4.7 Armour
 + Level 4.1 Dodging
 - Level 2.1 Stealth
 * Level 6.2 Spellcasting
 * Level 6.9 Conjurations
 - Level 0.7 Transmutations
 * Level 8.6 Earth Magic


You had 17 spell levels left.
You knew the following spells:

 Your Spells              Type           Power      Damage    Failure   Level
a - Sandblast             Erth           80%        2d17      1%          1
b - Stone Arrow           Conj/Erth      74%        3d11      1%          3

Your spell library contained the following spells:

 Spells                   Type           Power      Damage    Failure   Level
 Passwall                 Tmut/Erth      20%        N/A       1%          2
 Animate Skeleton         Necr           12%        N/A       5%          1
 Pain                     Necr           24%        1d5       5%          1
 Petrify                  Tmut/Erth      24%        N/A       8%          4
 Leda's Liquefaction      Hex/Erth       11%        N/A       9%          4
 Call Canine Familiar     Summ           6%         N/A       16%         3
 Gell's Gravitas          Tloc           6%         N/A       16%         3
 Portal Projectile        Hex/Tloc       12%        N/A       16%         3
 Teleport Other           Tloc           6%         N/A       16%         3
 Vampiric Draining        Necr           6%         2d6       16%         3
 Dispersal                Tloc           3%         N/A       100%        6


Dungeon Overview and Level Annotations

Branches:
Dungeon (7/15)             Temple (1/1) D:4

Altars:
Cheibriados
Dithmenos
Elyvilon
Fedhas
Gozag
Hepliaklqana
Kikubaaqudgha
Makhleb
Nemelex Xobeh
Okawaru
Qazlal
Sif Muna
Trog
Uskayaw
Wu Jian
Xom
Yredelemnul
Zin


Innate Abilities, Weirdness & Mutations

You are immune to sickness and miasma.
Your stone body is resilient. (AC +7)
You are immune to poison.
You resist negative energy. (rN+)
You are resistant to electric shocks. (rElec)
You are resistant to unholy torment.
You are immune to petrification.


Message History

A cyclops comes into view.
Found a brightly glowing golden ring.
The cyclops shouts!
You hear a shout!
You hear an angry hiss.
You hear a shout!
The cyclops hits you!
You see here a +0 hand axe of venom.
Casting: Stone Arrow (safe; 1% risk of failure)
Confirm with . or Enter, or press ? or * to list all spells.
Aiming: Stone Arrow (safe; 1% risk of failure)
Press: ? - help, Shift-Dir - straight line, f - cyclops
Aim: a cyclops, quivering large rocks (98% to hit)
The stone arrow hits the cyclops!
The cyclops is moderately wounded.
The cyclops hits you!!
You hear an angry hiss.
Casting: Stone Arrow (safe; 1% risk of failure)
Confirm with . or Enter, or press ? or * to list all spells.
Aiming: Stone Arrow (safe; 1% risk of failure)
Press: ? - help, Shift-Dir - straight line, f/p - cyclops
Aim: a cyclops, quivering large rocks (moderately wounded, 98% to hit)
The stone arrow hits the cyclops!
The cyclops is heavily wounded.
Unknown command.
Casting: Stone Arrow (safe; 1% risk of failure)
Confirm with . or Enter, or press ? or * to list all spells.
Aiming: Stone Arrow (safe; 1% risk of failure)
Press: ? - help, Shift-Dir - straight line, f/p - cyclops
Aim: a cyclops, quivering large rocks (heavily wounded, 98% to hit)
The stone arrow hits the cyclops!!
You kill the cyclops!
A cyclops comes into view.
Unknown command.
Casting: Stone Arrow (safe; 1% risk of failure)
Confirm with . or Enter, or press ? or * to list all spells.
Aiming: Stone Arrow (safe; 1% risk of failure)
Press: ? - help, Shift-Dir - straight line, f - cyclops
Aim: a cyclops, quivering large rocks (98% to hit)
The stone arrow hits the cyclops!
The cyclops is moderately wounded.
The cyclops hits you!!
You die...

###........##.#.##
...........#.###.#
..........##. #.##
..........#.# ##.#
.........##. #.##
.........#.# ##.#
........## ####.#
......### #...##
....### #.#@##
..### ##C# ### #=#
#.. ## .# #.. ###
..### ....###


You could see a cyclops.

Vanquished Creatures
  A two-headed ogre (D:5)
  A cyclops (D:7)
  Grinder (D:4)
  Sigmund (D:4)
  Eustachio (D:4)
  Menkaure (D:4)
  An orc warrior (D:7)
  3 ice beasts
  A sky beast (D:6)
  A necrophage (D:4)
  5 ogres
  A phantom (D:5)
  A scorpion (D:5)
  A water moccasin zombie (D:4)
  The ghost of Peloso the Skirmisher, a weakling MiFi (D:3)
  A killer bee (D:5)
  A howler monkey (D:5)
  2 centaur zombies (D:7)
  A bullfrog zombie (D:6)
  2 hounds (D:5)
  5 jellies
  4 orc priests
  A bullfrog skeleton (D:6)
  2 centaur skeletons
  Jessica (D:2)
  4 orc wizards
  Ijyb (D:4)
  Natasha (thrice) (D:2)
  7 iguanas
  A howler monkey zombie (D:5)
  Robin (D:4)
  A howler monkey skeleton (D:6)
  8 adders
  A river rat (D:5)
  A shadow imp (D:5)
  A white imp (D:7)
  An ufetubus (D:5)
  2 adder skeletons
  2 worms
  17 orcs
  3 ball pythons
  7 endoplasms
  3 giant cockroaches
  21 goblins
  12 hobgoblins
  4 jackals (D:3)
  10 kobolds
  4 quokkas
  6 bats
  4 frilled lizards
  8 rats
174 creatures vanquished.

Notes
Turn   | Place    | Note
-------+----------+-------------------------------------------
     0 | D:1      | Kaptain the Gargoyle Earth Elementalist began the quest for
                  | the Orb.
     0 | D:1      | Reached XP level 1. HP: 10/10 MP: 3/3
   219 | D:1      | Reached XP level 2. HP: 16/16 MP: 3/5
   662 | D:1      | Reached skill level 1 in Fighting
   705 | D:1      | Reached XP level 3. HP: 19/20 MP: 4/6
   706 | D:1      | Reached skill level 1 in Conjurations
   968 | D:1      | Reached skill level 4 in Earth Magic
  1207 | D:2      | Found a faded altar of an unknown god.
  1341 | D:2      | Noticed Natasha
  1346 | D:2      | Killed Natasha
  1347 | D:2      | Reached XP level 4. HP: 9/25 MP: 7/7
  1776 | D:2      | Noticed Natasha
  1780 | D:2      | Killed Natasha
  1781 | D:2      | Reached skill level 1 in Armour
  1964 | D:2      | Noticed Jessica
  1974 | D:2      | Killed Jessica
  1975 | D:2      | Reached XP level 5. HP: 28/30 MP: 7/9
  2092 | D:2      | Noticed Natasha
  2097 | D:2      | Killed Natasha
  2730 | D:3      | Learned a level 3 spell: Stone Arrow
  2863 | D:3      | Found a runed translucent gate.
  2863 | D:3      | Found a runed translucent gate.
  2863 | D:3      | Found a runed translucent gate.
  2863 | D:3      | Noticed Peloso's ghost (weakling MiFi)
  2902 | D:3      | Killed Peloso's ghost
  2903 | D:3      | Reached XP level 6. HP: 14/36 MP: 0/10
  3369 | D:4      | Noticed Eustachio
  3379 | D:4      | Killed Eustachio
  3380 | D:4      | Reached skill level 5 in Earth Magic
  3380 | D:4      | Reached XP level 7. HP: 25/41 MP: 3/12
  3569 | D:4      | Found a staircase to the Ecumenical Temple.
  3621 | Temple   | Entered the Ecumenical Temple
  4012 | D:4      | Noticed Menkaure
  4019 | D:4      | Killed Menkaure
  4091 | D:4      | Noticed Ijyb
  4101 | D:4      | Killed Ijyb
  4307 | D:4      | Noticed Sigmund
  4544 | D:4      | Killed Sigmund
  4545 | D:4      | Reached skill level 6 in Earth Magic
  4545 | D:4      | Reached XP level 8. HP: 45/48 MP: 0/14
  4737 | D:4      | Noticed Robin
  4740 | D:4      | Killed Robin
  4740 | D:4      | Noticed Grinder
  4773 | D:4      | Killed Grinder
  5253 | D:5      | Entered Level 5 of the Dungeon
  5617 | D:5      | Reached skill level 5 in Fighting
  5617 | D:5      | Reached skill level 5 in Conjurations
  6287 | D:5      | Reached XP level 9. HP: 45/54 MP: 8/16
  6289 | D:5      | Reached skill level 5 in Spellcasting
  6292 | D:5      | Reached skill level 7 in Earth Magic
  6518 | D:5      | Noticed a two-headed ogre
  6835 | D:5      | Killed a two-headed ogre
  7502 | D:6      | Noticed a cyan ugly thing
  7761 | D:6      | Reached skill level 8 in Earth Magic
  7997 | D:6      | Found a hazy altar of Hepliaklqana.
  8365 | D:7      | Found a white marble altar of Elyvilon.
  8406 | D:7      | Found an opulent altar of Gozag.
  8642 | D:7      | Reached XP level 10. HP: 61/61 MP: 3/19
  9076 | D:7      | Noticed a cyclops
  9079 | D:7      | Killed a cyclops
  9079 | D:7      | Noticed a cyclops
  9080 | D:7      | Slain by a cyclops

Illustrated notes

Levels and vault maps discovered:
D:1:      minmay_arrival_hallway, layout_loops_ring
D:2:      layout_basic, basic_ecumenical_altar, minmay_pentomino_o4,
          uniq_natasha, uniq_jessica
D:3:      layout_basic, nicolae_tso_swordbearing_angel,
          ebering_ghost_rock_garden
D:4:      layout_basic, minmay_temple_entry_arrows, uniq_ijyb, uniq_eustachio,
          uniq_grinder, uniq_robin, uniq_sigmund, uniq_menkaure
D:5:      cheibrodos_barr_body, layout_loops_ring, portal_sewer_entry_e
D:6:      layout_loops_cross, nicolae_overflow_crystal_walls,
          lightli_corner_chamber
D:7:      minmay_the_grid_four_pointed_star
          [minmay_the_grid_triangle_9x9_shrine,
          minmay_the_grid_triangle_9x9_checkered,
          minmay_the_grid_triangle_9x9_wacky_v,
          minmay_the_grid_triangle_9x9_thin_v, minmay_the_grid_prize_trominoes],
          layout_rooms, mainiacjoe_overflow_24_doors, overflow_temple_1_default
Temple:   regret_index_temple_generic_petals

Skill      XL: |  1  2  3  4  5  6  7  8  9 10 |
---------------+-------------------------------+-----
Fighting       | 1 2 3 4 5 6 |  6.9
Conjurations   | 1 2 3 4 5 6 |  6.9
Earth Magic    | 4 5 6 8 |  8.6
Armour         | 1 2 3 4 |  4.7
Dodging        | 2 3 4 |  4.1
Spellcasting   | 3 4 6 |  6.2
Stealth        | |  2.1
Transmutations | |  0.7

Action                   |  1- 3 |  4- 6 |  7- 9 | 10-12 || total
-------------------------+-------+-------+-------+-------++-------
Melee: Dagger            |    10 |       |       |       ||    10
       War axe           |     8 |    53 |    39 |     1 ||   101
       Punch             |       |       |     1 |       ||     1
 Cast: Sandblast         |    33 |    46 |   107 |     1 ||   187
       Stone Arrow       |       |     2 |    79 |    16 ||    97
Armor: Leather armour    |     3 |    30 |    43 |       ||    76
Dodge: Dodged            |    25 |    48 |    68 |     3 ||   144
